Cogmind - Beta 17 @@@ ROGUE MODE // 2026.08.22 @ 11:10:41 Player: BoomBlip Result: Destroyed by Y-54 Guardian with Flak Gun Performance ------------- Evolutions (4) 2000 Regions Visited (5) 1000 Robots Destroyed (68) 340 Value Destroyed (2202) 2202 Prototype IDs (4) 80 Alien Tech Used (0) 0 Bonus (8254) 8254 TOTAL SCORE: 13876 Bonus ------- Follower Combat Kills 154 Prayed to X0-1V1 5000 Major X0-1V1 Interference 3150 Friendly Fire -50 Cogmind --------- Core Integrity 0/550 Matter 269/600 Energy 98/100 System Corruption 0% Temperature Cool (12) Movement Core (50) Location -6/Factory Parts ------- > --- POWER (1) -------- (None) > --- PROPULSION (4) --- (None) > --- UTILITY (7) ------ X0-1V1's Piety Tracker > --- WEAPON (3) ------- (None) > --- INVENTORY (5) ---- Faulty Cooled Deuterium Engine Hardened Medium Armor Plating Arc Projector Heavy Missile Launcher Katana Peak State ------------ > --- POWER ------------ Angular Momentum Engine > --- PROPULSION ------- Xenon Bombardment Thruster Xenon Bombardment Thruster Xenon Bombardment Thruster Xenon Bombardment Thruster > --- UTILITY ---------- Improved Heat Sink Advanced Heat Sink Advanced Visual Processing Unit Improved Sensor Array Improved Signal Interpreter X0-1V1's Piety Tracker > --- WEAPON ----------- Shock Rifle Arc Projector Heavy Plasma Cannon > --- INVENTORY -------- Light Nuclear Core Hardened Medium Armor Plating Improved Heavy Laser Heavy Missile Launcher Katana [Rating: 64] Favorites ----------- Power Reinforced Ion Engine Engine Reinforced Ion Engine Power Core Micro Nuclear Core Propulsion Improved Titanium Leg Treads Advanced Treads Leg Improved Titanium Leg Wheel Compact Wheel Flight Unit Xenon Bombardment Thruster Utility X0-1V1's Piety Tracker Device X0-1V1's Piety Tracker Storage Large Storage Unit Processor Advanced Visual Processing Unit Protection Core Shielding Weapon Flak Gun Energy Gun Improved Heavy Laser Energy Cannon Heavy Plasma Cannon Ballistic Gun Flak Gun Ballistic Cannon Gauss Cannon Launcher Rocket Launcher Impact Weapon Flail Slashing Weapon Chainsword Build | -11 -10 -10 -8 -7 -6 ------- Run | Yrd Mat Sub Mat Fac Fac Slots Evolved 8 | . . . 4 2 2 Power . | . . . . . . Propulsion 2 | . . . 1 1 . Utility 5 | . . . 2 1 2 Weapon 1 | . . . 1 . . Parts Attached 98 | . 15 3 23 25 32 Power 13 | . 2 . 2 6 3 Engine 7 | . 2 . 1 3 1 Core 6 | . . . 1 3 2 Reactor . | . . . . . . Propulsion 33 | . 5 2 10 4 12 Treads 3 | . . . . . 3 Leg 19 | . 3 . 10 4 2 Wheel 4 | . 2 2 . . . Hover . | . . . . . . Flight 7 | . . . . . 7 Utility 23 | . 4 . 2 7 10 Device 15 | . 1 . 2 3 9 Storage 2 | . 2 . . . . Processor 3 | . 1 . . 2 . Hackware . | . . . . . . Protection 3 | . . . . 2 1 Artifact . | . . . . . . Weapon 29 | . 4 1 9 8 7 Energy Gun 4 | . . . 1 . 3 Energy Cannon 1 | . . . . . 1 Ballistic Gun 16 | . 4 . 8 4 . Ballistic Cannon 2 | . . . . 2 . Launcher 2 | . . 1 . . 1 Special Weapon . | . . . . . . Impact Weapon 1 | . . . . . 1 Slashing Weapon 3 | . . . . 2 1 Piercing Weapon . | . . . . . . Special Melee Weapon . | . . . . . . Unidentified Prototypes 3 | . . . 2 . 1 Parts Lost 40 | . 2 2 5 20 11 Power 4 | . 1 . . 2 1 Propulsion 18 | . 1 1 3 7 6 Utility 8 | . . . . 4 4 Weapon 10 | . . 1 2 7 . Highest Loss Streak 5 | . 2 2 4 5 3 To Critical Strikes . | . . . . . . Average Backups 11 | 6 10 13 14 13 4 Power 3 | 1 2 3 3 4 . Propulsion 1 | 4 5 3 2 1 . Utility 2 | . 1 5 4 1 1 Weapon 4 | 1 1 2 4 6 2 Tool/Special . | . . . . . . Unused Backups 27 | 6 3 1 5 10 2 Power 6 | 1 1 . 1 1 2 Propulsion 6 | 2 1 1 2 . . Utility 4 | 1 1 . 1 1 . Weapon 11 | 2 . . 1 8 . Tool/Special . | . . . . . . Average Slot Usage (%) 84 | . 97 98 97 87 60 Engine 5 | . 12 14 7 2 3 Core 2 | . . . 1 4 1 Treads 1 | . . . . . 7 Leg 17 | . 24 . 23 22 3 Wheel 1 | . 3 28 3 . . Flight 1 | . . . . . 5 Device 11 | . . . 16 12 11 Storage 6 | . 14 14 9 6 . Processor 12 | . 12 14 9 14 11 Energy Gun 2 | . 1 . 2 . 8 Ballistic Gun 13 | . 26 17 24 12 . Ballistic Cannon 2 | . . . . 5 . Peak Build Rating 64 | 6 12 13 47 58 64 Average Rating 40 | 6 7 12 38 49 41 On Entrance 15 | 6 6 12 13 47 7 Avg Prop Armor Cover (%) 7 | . . . . . 7 Naked Turns 42 | . . . . . 42 Heaviest Build 46 | 11 31 32 44 46 34 Greatest Support 78 | 20 32 36 60 78 66 Greatest Overweight (x) 12 | . 1 1 2 12 3 Average Overweight (x) . | . . . . . . Largest Inventory Capacity 15 | 8 15 15 15 15 5 Average Capacity 12 | 8 13 15 15 14 5 Most Carried 15 | 6 15 15 15 15 5 Average Carried 11 | 6 10 13 14 13 4 Final Capacity 15 | 8 15 15 15 5 5 Final Carried 15 | 6 13 15 15 5 5 Class Distribution -------------------- 31% | Skirmisher 29% | Mutant 16% | Gunner 5% | Assassin 5% | Scavenger-Mutant 4% | Scavenger-Gunner 3% | Scout Dominant Class ---------------- Mutant | -10/Materials Mutant | -10/Subcaves Gunner | -8/Materials Skirmisher | -7/Factory Mutant | -6/Factory Resources | -11 -10 -10 -8 -7 -6 ----------- Run | Yrd Mat Sub Mat Fac Fac Matter Collected 2348 | 197 212 47 626 720 546 Remotely . | . . . . . . Salvage Created 2296 | . 292 49 681 752 522 Parts 144 | . 21 5 34 47 37 Haulers Intercepted 1 | . . . . 1 . Recyclers Shooed 3 | . . . . 3 . Parts Field Recycled . | . . . . . . Retrieved Matter . | . . . . . . Parts Self-Destructed . | . . . . . . Prevented . | . . . . . . Parts Restored . | . . . . . . Kills | -11 -10 -10 -8 -7 -6 ------- Run | Yrd Mat Sub Mat Fac Fac Combat Hostiles Destroyed 52 | . 9 2 15 19 7 Melee 6 | . . . . 5 1 Guns 33 | . 9 . 14 8 2 Cannons 4 | . . . . 3 1 AOE 9 | . . 2 1 3 3 Classes Destroyed 18 | . 3 1 5 7 2 Worker 6 | . . . . 3 3 Builder 2 | . . . . 2 . Tunneler 1 | . . . . . 1 Hauler 1 | . . . . 1 . Recycler 3 | . . . . 1 2 Mechanic 1 | . . . 1 . . Operator 1 | . 1 . . . . Drone 1 | . . . . 1 . Watcher 2 | . . . . . 2 Swarmer 18 | . 3 . 3 7 5 Grunt 15 | . 6 . 6 3 . Duelist 1 | . . . . 1 . Sentry 5 | . . . 2 3 . Specialist 2 | . . . 2 . . Hunter 1 | . . . 1 . . Programmer 6 | . . . . 4 2 Heavy 1 | . . . 1 . . Subdweller 2 | . . 2 . . . Best Kill Streak 6 | . 3 2 5 5 6 Combat Bots Only 5 | . 3 2 5 5 3 Max Kills in Single Turn 3 | . 2 1 2 3 2 Gunslinging 1 | . 1 . 1 . . Exploded 3 | . . 1 1 3 2 Melee 1 | . . . . 1 1 Uniques/NPCs Destroyed . | . . . . . . Combat | -11 -10 -10 -8 -7 -6 -------- Run | Yrd Mat Sub Mat Fac Fac Hostile Shots Fired 688 | . 45 24 91 340 188 Missed 224 | . 7 6 23 111 77 Hits 464 | . 38 18 68 229 111 Melee 23 | . . . . 23 . Projectile 441 | . 38 18 68 206 111 AOE 2 | . . . . 2 . Critical Strikes 9 | . . . 2 4 3 Damage Taken 6594 | . 430 436 1150 2941 1637 Core 1707 | . 75 124 178 537 793 Absorbed by Shields . | . . . . . . Redirected to Shielding 14 | . . . . 14 . Ignored by Resistances 12 | . . . . . 12 Core Remaining (%) 47 | 100 . 20 67 2 . Volleys Fired 154 | . 27 11 46 57 13 Largest 3 | . 2 2 3 3 3 Hottest 210 | . 46 46 106 108 210 Shots Fired 370 | . 54 18 122 144 32 Gun 321 | . 54 16 121 104 26 Cannon 44 | . . . . 40 4 Launcher 5 | . . 2 1 . 2 Special . | . . . . . . Kinetic 321 | . 54 16 107 144 . Thermal 28 | . . . 14 . 14 Explosive 5 | . . 2 1 . 2 Electromagnetic 16 | . . . . . 16 Robot Hit Streak 17 | . 8 11 17 8 6 Robot Miss Streak 9 | . 5 1 5 9 3 Penetration Max . | . . . . . . Secondary Targets 4 | . 2 . 2 . . Max Gunslinging Chain 1 | . 1 . 1 . . Shots Hit Robots 270 | . 34 16 88 106 26 Core Hits 161 | . 19 3 50 75 14 Critical Kills 2 | . . . 1 1 . Critical Parts Destroyed 3 | . 1 . . 2 . Critical Strikes 11 | . 1 . 1 8 1 Destroy 5 | . 1 . 1 3 . Blast 1 | . . . . 1 . Sever 5 | . . . . 4 1 Melee Attacks 42 | . . . . 30 12 Impact 3 | . . . . . 3 Slashing 39 | . . . . 30 9 Piercing . | . . . . . . Sneak Attacks 7 | . . . . 1 6 Combat Hostiles . | . . . . . . Follow-up Attacks . | . . . . . . Damage Inflicted 5929 | . 388 181 1449 2830 1081 Guns 3255 | . 388 . 1410 1199 258 Cannons 567 | . . . . 536 31 Explosions 776 | . . 181 39 279 277 Melee 1298 | . . . . 783 515 Ramming 33 | . . . . 33 . Kinetic 3292 | . 388 . 1169 1735 . Thermal 757 | . . . 241 279 237 Explosive 497 | . . 181 39 . 277 Electromagnetic 52 | . . . . . 52 Impact 85 | . . . . . 85 Slashing 1213 | . . . . 783 430 Piercing . | . . . . . . Highest Corruption 7 | . . . . 7 6 Average Corruption 3 | . . . . 4 2 Corruption Purged . | . . . . . . Corruption Blocked . | . . . . . . Effects 44 | . . . . 37 7 Message Errors 9 | . . . . 9 . Matter Fused 10 | . . . . 8 2 Heat Flow Errors 8 | . . . . 5 3 Energy Discharges 4 | . . . . 4 . Parts Rejected 4 | . . . . 3 1 Data Loss (minor) 5 | . . . . 4 1 Data Loss (major) 2 | . . . . 2 . Misfires 1 | . . . . 1 . Weapon Failures 1 | . . . . 1 . Overload Shots . | . . . . . . Overflow Damage 141 | . . . . 49 92 Projectiles 23 | . . . . 23 . Explosions 19 | . . . . 19 . Melee 99 | . . . . 7 92 Knockbacks 4 | . . . . 4 . Impact 1 | . . . . 1 . Kinetic 2 | . . . . 2 . Secondary 1 | . . . . 1 . Self-Inflicted Damage 317 | . . 82 29 114 92 Shots 6 | . . 2 1 1 2 Rammed . | . . . . . . Targets Rammed 4 | . . . . 4 . Kicked 4 | . . . . 4 . Crushed . | . . . . . . Highest Temperature 457 | . 24 . 319 350 457 Average Temperature 80 | . 6 . 78 58 169 Received Heat Transfer 1608 | . 186 54 396 852 120 Effects 5 | . . . 2 1 2 Shutdowns 1 | . . . . . 1 Interference 2 | . . . 2 . . Short Circuit 1 | . . . . 1 . Damage (minor) 1 | . . . . . 1 Siege Activations . | . . . . . . Martial Activations . | . . . . . . Shielding Activations . | . . . . . . Robots Disrupted . | . . . . . . Combat Hostiles . | . . . . . . Robots Corrupted . | . . . . . . Combat Hostiles . | . . . . . . Parts Fried . | . . . . . . Impact Corruptions 1 | . . . . . 1 Robots Melted . | . . . . . . Combat Hostiles . | . . . . . . Parts Melted 4 | . . . . . 4 Heat Transferred 759 | . . . 300 150 309 Parts Sabotaged . | . . . . . . Parts Stolen 1 | . . . . 1 . Parts Stripped . | . . . . . . Power Chain Reactions . | . . . . . . Alert | -11 -10 -10 -8 -7 -6 ------- Run | Yrd Mat Sub Mat Fac Fac Maximum Alert Level 1 | . . . 1 . . Low Security (%) 97 | 100 100 . 87 100 100 Level 1 2 | . . . 12 . . Level 2 . | . . . . . . Level 3 . | . . . . . . Level 4 . | . . . . . . Level 5 . | . . . . . . High Security . | . . . . . . Max Security . | . . . . . . Peak Influence 320 | . 100 . 320 138 195 Initial 70 | . . . . 70 44 Average 54 | . 33 . 130 52 17 Influence Increases 2176 | . 215 . 734 680 547 Destroy 0b10 Robot/C 1080 | . 180 . 380 380 140 Destroy 0b10 Robot/NC 85 | . 5 . 5 35 40 Destroy Leader 236 | . 30 . 100 72 34 Allied During Kill 8 | . . . 8 . . Successful Hack 23 | . . . 4 5 14 Disable Machine 105 | . . . . 45 60 Destroy Structure 84 | . . . 12 38 34 Lose Combat Pursuer 345 | . . . 15 105 225 Miscellaneous 210 | . . . 210 . . Influence Decreases 1987 | . 196 19 579 744 449 Entered New Map 142 | . . 10 . 85 47 Time Decay 1251 | . 186 9 330 459 267 Lost Part 299 | . 10 . 39 200 50 Lost Ally 83 | . . . 60 . 23 Purge Threat 212 | . . . 150 . 62 Squads Dispatched 20 | . 1 . 4 7 8 Investigation 2 | . . . . 1 1 Extermination 8 | . . . . 5 3 Reinforcement 8 | . 1 . 4 1 2 Assault . | . . . . . . Garrison 2 | . . . . . 2 Intercept . | . . . . . . Searches Triggered . | . . . . . . Construction Impeded . | . . . . . . Haulers Reinforced . | . . . . . . Active Scanning Responses . | . . . . . . Cargo Convoy Interrupts . | . . . . . . Stealth | -11 -10 -10 -8 -7 -6 --------- Run | Yrd Mat Sub Mat Fac Fac Distress Signals 3 | . 1 . . . 2 Communications Jammed . | . . . . . . Distress Signals . | . . . . . . Times Spotted 106 | . 16 2 21 30 37 Peak Tracking Total 9 | . 5 2 4 5 9 Tactical Retreats 13 | . . . 1 5 7 Traps | -11 -10 -10 -8 -7 -6 ------- Run | Yrd Mat Sub Mat Fac Fac Traps Triggered 7 | . . . . 6 1 Indirectly . | . . . . . . Trap Hack Attempts . | . . . . . . Triggered . | . . . . . . Disarmed . | . . . . . . Reprogrammed . | . . . . . . Reused . | . . . . . . Traps Extracted . | . . . . . . Installed . | . . . . . . Triggered . | . . . . . . Machines | -11 -10 -10 -8 -7 -6 ---------- Run | Yrd Mat Sub Mat Fac Fac Machines Disabled 7 | . . . . 3 4 Max in Single Turn 1 | . . . . 1 1 Machines Repaired . | . . . . . . Machines Dismantled . | . . . . . . Machines Sabotaged . | . . . . . . Overloaded Fab Kills . | . . . . . . Hacking | -11 -10 -10 -8 -7 -6 --------- Run | Yrd Mat Sub Mat Fac Fac Machines Accessed 18 | . 2 . 3 6 7 Terminals 14 | . 2 . 3 4 5 Fabricators . | . . . . . . Repair Stations . | . . . . . . Recycling Units 4 | . . . . 2 2 Scanalyzers . | . . . . . . Garrison Access . | . . . . . . Total Hacks 41 | . 5 . 9 13 14 Successful 12 | . 2 . 3 3 4 Failed 29 | . 3 . 6 10 10 Catastrophic 9 | . . . 1 2 6 Database Lockouts . | . . . . . . Manual 34 | . 6 . 9 10 9 Terminals 34 | . 5 . 9 10 10 Fabricators . | . . . . . . Repair Stations . | . . . . . . Recycling Units 7 | . . . . 3 4 Scanalyzers . | . . . . . . Garrison Access . | . . . . . . Terminal Hacks 3 | . . . 1 . 2 Open DSF 1 | . . . . . 1 Unreport Threat 2 | . . . 1 . 1 Fabricator Hacks . | . . . . . . Repair Station Hacks . | . . . . . . Recycling Unit Hacks 3 | . . . . 2 1 Retrieve Matter 3 | . . . . 2 1 Scanalyzer . | . . . . . . Garrison Access Hacks . | . . . . . . Unauthorized Hacks 6 | . 2 . 2 1 1 Terminals 6 | . 2 . 2 1 1 Botnet 6 | . 2 . 2 1 1 Fabricators . | . . . . . . Repair Stations . | . . . . . . Recycling Units . | . . . . . . Scanalyzers . | . . . . . . Garrison Access . | . . . . . . Data Cores Recovered . | . . . . . . Used . | . . . . . . Hacking Detections 14 | . 2 . 3 4 5 Full Trace Events 1 | . . . . . 1 Feedback Events . | . . . . . . Feedback Blocked . | . . . . . . Robot Schematics Acquired . | . . . . . . Robots Built . | . . . . . . Authchips . | . . . . . . Time . | . . . . . . Total Robot Build Rating . | . . . . . . Part Schematics Acquired . | . . . . . . Parts Built . | . . . . . . Authchips . | . . . . . . Time . | . . . . . . Total Part Build Rating . | . . . . . . Part Studies Acquired . | . . . . . . Parts Repaired . | . . . . . . Time . | . . . . . . Parts Recycled . | . . . . . . Recycled Matter . | . . . . . . Retrieved Matter . | . . . . . . Retrieved Components . | . . . . . . Parts Scanalyzed . | . . . . . . Part Schematics Acquired . | . . . . . . Parts Damaged . | . . . . . . Bothacking | -11 -10 -10 -8 -7 -6 ------------ Run | Yrd Mat Sub Mat Fac Fac Used RIF Installer . | . . . . . . Robots Hacked . | . . . . . . Non-combat . | . . . . . . Combat . | . . . . . . Robot Hacks Applied . | . . . . . . Relay Couplers Released . | . . . . . . Fabnet Peak Effective % . | . . . . . . Robots Rewired . | . . . . . . Allies Hacked . | . . . . . . Hacks Repelled . | . . . . . . Allies | -11 -10 -10 -8 -7 -6 -------- Run | Yrd Mat Sub Mat Fac Fac Total Allies 5 | . . . 3 . 2 Largest Group 3 | . . . 3 . 2 Highest-Rated Group 50 | . . . 45 . 50 Highest-Rated Ally 25 | . . . 15 . 25 Total Orders . | . . . . . . Ally Attacks 16 | . . . 11 . 5 Total Damage 338 | . . . 250 . 88 Kills 4 | . . . 4 . . Allies Corrupted . | . . . . . . Allies Melted . | . . . . . . X0-1V1 Amusement Gains 67 | . 12 . 5 40 10 Good Acts 17 | . . . 4 3 10 Bad Acts 30 | . . . 6 18 6 Intel | -11 -10 -10 -8 -7 -6 ------- Run | Yrd Mat Sub Mat Fac Fac Active Infowar (turns) 3300 | . . . . 2263 1037 Optics 3196 | . . . . 2263 933 Sensors 1668 | . . . . 1372 296 Robot Analysis Total . | . . . . . . Derelict Logs Recovered . | . . . . . . Drone Launches . | . . . . . . Drone Recoveries . | . . . . . . Exploration | -11 -10 -10 -8 -7 -6 ------------- Run | Yrd Mat Sub Mat Fac Fac Turns Passed 4878 | 3 528 114 796 2292 1145 Spaces Moved 3475 | 3 264 78 454 1371 1305 Core 246 | . . . . 72 174 Treads 262 | . . . . . 262 Legs 2112 | 3 227 . 414 1299 169 Wheels 155 | . 37 78 40 . . Hover . | . . . . . . Flight 700 | . . . . . 700 Fastest Speed 31 | 120 100 100 105 50 31 Average Speed 113 | 120 153 104 124 140 74 Slowest Speed 650 | 120 190 115 260 650 225 Overloaded Moves . | . . . . . . Propulsion Burnouts . | . . . . . . Robots Hopped 8 | . . . . . 8 Potential Cave-ins . | . . . . . . Cave-ins Triggered . | . . . . . . Exploration Rate (%) 25 | 2 40 6 24 41 37 Regions Visited 5 Branch Regions 1 Pre-discovered Areas . | . . . . . . Known Exits Taken 1 | . . . . 1 . Unknown Exits Taken 4 | 1 1 1 1 . . Scrap Searched . | . . . . . . Spaces Dug . | . . . . . . Terrain Destroyed 109 | . . 15 11 35 48 Melee . | . . . . . . Projectile 16 | . . . . 14 2 AOE 93 | . . 15 11 21 46 Terrain Rammed . | . . . . . . Walls Destroyed . | . . . . . . Machines Disabled . | . . . . . . Actions | -11 -10 -10 -8 -7 -6 --------- Run | Yrd Mat Sub Mat Fac Fac Total 4064 | 2 338 95 613 1586 1430 Wait 166 | . 14 . 56 54 42 Move 3455 | 2 263 77 453 1370 1290 Hop 7 | . . . . . 7 Pick Up 43 | . 9 3 11 12 8 Fast Attach 43 | . 4 1 4 12 22 Attach 30 | . 2 1 7 11 9 Detach 8 | . . . 1 1 6 Swap 45 | . 9 1 18 11 6 Drop 67 | . 10 1 17 24 15 Fire 154 | . 27 11 46 57 13 Melee 42 | . . . . 30 12 Ram . | . . . . . . Kick 4 | . . . . 4 . Crush . | . . . . . . Escape Stasis . | . . . . . . Rewire . | . . . . . . Trap . | . . . . . . Miscellaneous . | . . . . . . Route ------- -11/Scrapyard -10/Materials (discovered 2 exits: [*Mat] / [*Sub]) -10/Subcaves -8/Materials -7/Factory -6/Factory History --------- Turn | Location | Event 1 | -11/Scrapyard | Discovered new exit (range 2) 4 | -11/Scrapyard | Entered Materials 302 | -10/Materials | Discovered new exit (range 6) 521 | -10/Materials | Discovered new exit (range 7) 528 | -10/Materials | Prayed at D.C.S.S. Altar Unit 532 | -10/Materials | Entered Subcaves 533 | -10/Subcaves | Approached by a straggling Scientist 545 | -10/Subcaves | Core integrity fell below 50% 609 | -10/Subcaves | Shifting Twisted Machinery released Sub. Beam Cannon 619 | -10/Subcaves | Shifting Twisted Machinery released Sub. Laser 620 | -10/Subcaves | Discovered new exit (range 10) 646 | -10/Subcaves | Entered Materials 646 | -8/Materials | Evolved 4 slots: Propulsion x1, Utility x2, Weapon x1 771 | -8/Materials | Lost 4 parts (3n1w) 874 | -8/Materials | X0-1V1 added 0b10 threat records associated with you (considerable) 944 | -8/Materials | X0-1V1 sent allied Y-45 Defender (x3) 1053 | -8/Materials | Lost 3 allies 1407 | -8/Materials | Discovered new exit (range 10) 1442 | -8/Materials | Entered Factory 1442 | -7/Factory | Evolved 2 slots: Propulsion x1, Utility x1 1463 | -7/Factory | Build established: Gunner 1484 | -7/Factory | Matter capacity permanently improved by X0-1V1 (+300; -150 max core) 1829 | -7/Factory | Sensors blinded by X0-1V1 1999 | -7/Factory | Build established: Skirmisher 2062 | -7/Factory | X0-1V1 sent hostile S-27 Virus (x5) 2169 | -7/Factory | X0-1V1 redirected Transport squads to designated parking area 2202 | -7/Factory | Sensors blinded by X0-1V1 2741 | -7/Factory | Imp. Titanium Leg reconfigured into Item Mimic 2951 | -7/Factory | Sensors blinded by X0-1V1 3178 | -7/Factory | Lost 5 parts (1p2n1u1w) 3227 | -7/Factory | Core integrity fell below 50% 3316 | -7/Factory | Lost 4 parts (2n2w) 3370 | -7/Factory | Build established: Mutant 3631 | -7/Factory | Core integrity fell below 20% 3695 | -7/Factory | Lost 4 parts (1p1u2w) 3723 | -7/Factory | Discovered new exit (range 20) 3734 | -7/Factory | Identified exit to Factory 3734 | -7/Factory | Entered another Factory area 3734 | -6/Factory | Evolved 2 slots: Utility x2 4127 | -6/Factory | X0-1V1 sent hostile S-27 Virus (x4) 4450 | -6/Factory | Build established: Skirmisher 4603 | -6/Factory | Sensors blinded by X0-1V1 4728 | -6/Factory | X0-1V1 whisked you away to safety 4749 | -6/Factory | Sight range permanently improved by X0-1V1 (+1; -150 max core) 4768 | -6/Factory | X0-1V1 sent allied C-17 Slicer (x2) 4771 | -6/Factory | Garrison activated, responded to threat 4782 | -6/Factory | Released all parts (6) 4798 | -6/Factory | Core integrity restored by X0-1V1 (+88) 4812 | -6/Factory | Lost 3 parts (3n) 4814 | -6/Factory | Core integrity fell below 50% 4874 | -6/Factory | Core integrity fell below 20% 4879 | -6/Factory | Destroyed by Y-54 Guardian with Flak Gun Last Messages --------------- corruption). 04822_ ALERT: Hostiles spotted, dispatching reinforcements to Terminal F011. 04823_ Acquired Unknown Flight Unit. 04823_ Identified Nuclear Pulse Thruster. 04828_ Energy capacity returns to normal. 04830_ Nuclear Pulse Thruster destroyed. 04835_ X0-1V1's Piety Tracker destroyed. 04843_ S-27 Virus destroyed. 04845_ Fusion Modulator explodes. 04845_ S-27 Virus destroyed. X0-1V1's Piety Tracker suddenly appears amidst shimmering waves of color. 04851_ Acquired VTOL Module. 04856_ Acquired X0-1V1's Piety Tracker. 04858_ X0-1V1: "Use it or lose it, I always say." 04858_ VTOL Module fused. 04864_ TF Node disabled. 04867_ X0-1V1 sends the all clear message. (reinforcement recalled) 04870_ VTOL Module destroyed. 04879_ X0-1V1 snickers! Map ----- +----------------------------------------------------+ | ????# #???????????????????????? | | ????# #???????????????????????? | | ????# #???????????????????????? | | ????# #???????????????????????? | | ??### ###?????????????????????? | | ??# #?????????????????????? | | ??# #####+###### """?????? | | ??# + """?????? | | ??# ##### ###### #???? | | ??# #???# #???????????????? | | ??#######???# #???????????????? | | ????????????# #???????????????? | | ????????????# #???????????????? | | ????????????# #???????????????? | | ????????????# #???????????????? | | ????????????# #???????????????? | | ????????????# #???????????????? | | ????????????# #???????????????? | | ????????????# #???????????????? | | ????????????# #???????????????? | | ????????????# #???????????????? | | ????????????# #???????????????? | | ??????????### ###?????????????? | | ??????????# !#######+??????? | | ????####### #???? | | ????# @ Y k #???? | | ????# ##### #???? | | ????# ????# ####### #???? | | ????#?????#######?????????#???? | | ??????????????????????????????? | | ??????????????????????????????? | | ??????????????????????????????? | | ??????????????????????????????? | | ??????????????????????????????? | | ??????????????????????????????? | | ??????????????????????????????? | | ??????????????????????????????? | | ??????????????????????????????? | | ??????????????????????????????? | | ??????????????????????????????? | | ??????????????????????????????? | | ??????????????????????????????? | | ??????????????????????????????? | | ??????????????????????????????? | | ??????????????????????????????? | | ??????????????????????????????? | | ??????????????????????????????? | | ??????????????????????????????? | | ??????????????????????????????? | | ??????????????????????????????? | +----------------------------------------------------+ Best States ------------- Heat Dissipation 70 Energy Generation 18 Energy Capacity 1210 Matter Stores 342 Matter Capacity 600 Sight Range 23 Robot Scan Range 15 Terrain Scan Density 10 Armor Coverage 225 Resistance: TH 20 Core Shielding 20 Evasion (%) 63 Targeting Accuracy 5 Recoil Reduction 3 Item Schematics ----------------- None Robot Schematics ------------------ None Fabricated ------------ Nothing Repaired ---------- Nothing Studied --------- None Alien Tech Used ----------------- None Achievements -------------- Live, Flee, And Rebuild Sprinter Challenges ------------ None Game ------ Seed VortexRiotLaser Manual? 0 Play Time 01:29:51 Cumulative 131.5 hours Start 2026.08.21 @ 14:53:58 End 2026.08.22 @ 11:10:41 Sessions 1 Manual Loads 0 Difficulty Rogue Special Mode None Game No. 193 Rogue 176 Adventurer 15 Explorer 2 Win Type - Total 2 Types 1/0/0/1/0/0/0/0/0/0 Lore% 23 Gallery% 50 Achievement% 31 Wizard Run 0 Options --------- Layout 0 ASCII 0 Keyboard 0 Movement Arrows Keybinds 0 Fullscreen 1 Font 36/Smallcaps Map View 76x50 Zoom Use 0% Tactical HUD 1 Map Filters NONE Filters NONE Steam 1 RUN: a595df55-30d5-4c4c-9490-9a3d3d8582a4